 Dungeon Crawl Stone Soup version 0.31.0-11-ge490571c62 (webtiles) character file.

Game seed: 3912597021068015852

49 Persephone the Shooter (level 3, 0/28 HPs)
             Began as a Barachi Hunter on Jan 30, 2024.
             Killed from afar by Terence (2 damage)
             ... with a puff of flame
             ... on level 2 of the Dungeon.
             The game lasted 00:01:55 (1025 turns).

Persephone the Shooter (Barachi Hunter)             Turns: 1025, Time: 00:01:56

Health: 0/28       AC:  4    Str: 11 (12) XL:     3   Next: 75%
Magic:  3/3        EV: 12    Int:  7 (9)  God:
Gold:   74         SH:  0    Dex: 14 (17) Spells: 2/2 levels left

rFire   + . .        a - +0 shortbow
rCold   + . .        (shield currently unavailable)
rNeg    . . .        c - +0 leather armour
rPois   +            (no helmet)
rElec   +            (no cloak)
rCorr   +            h - +0 pair of gloves
SInv    .            (no boots)
Will    .....        (no amulet)
Stlth   +            (no ring)
HPRegen 0.24/turn    (no ring)
MPRegen 0.08/turn

%: no passive effects
@: resistant, unable to hop, slow
A: amphibious, slowness 1, strong legs 1, +LOS
a: Hop


You were on level 2 of the Dungeon.
You visited 1 branch of the dungeon, and saw 2 of its levels.

You collected 74 gold pieces.

Inventory:

Hand Weapons
 a - a +0 shortbow (weapon)
Armour
 c - a +0 leather armour (worn)
 h - a +0 pair of gloves (worn)
Scrolls
 b - a scroll of butterflies
 e - 2 scrolls of identify {unknown}
Potions
 j - 2 potions of degeneration


   Skills:
 - Level 2.4 Fighting
 + Level 5.3 Ranged Weapons
 - Level 2.1 Dodging
 - Level 0.8 Stealth


You had 2 spell levels left.
You didn't know any spells.
Your spell library contained the following spells:

 Spells                   Type           Power      Damage    Failure   Level
 Hailstorm                Conj/Ice       0%         3d5       88%         3
 Summon Ice Beast         Ice/Summ       0%         N/A       88%         3
 Sculpt Simulacrum        Ice/Alch       0%         N/A       100%        6


Dungeon Overview and Level Annotations

Branches:
Dungeon (2/15)

Altars:
Yredelemnul

Annotations:
D:2 Terence


Innate Abilities, Weirdness & Mutations

You are amphibious.
You cover ground slowly.
You can hop short distances.
You have an extended range of vision and can be seen from far away.


Message History

Aim: Terence, wielding a +0 short sword, wearing a +0 scale mail and carrying a wand of flame (heavily wounded, 65% to hit)
You shoot an arrow. The arrow hits the giant cockroach!
You kill the giant cockroach!
Fire: a) +0 shortbow
Press: ? - help, Shift-Dir - straight line, f/p - Terence
Aim: Terence, wielding a +0 short sword, wearing a +0 scale mail and carrying a wand of flame (heavily wounded, 65% to hit)
You shoot an arrow. The arrow hits Terence.
Terence is severely wounded.
Terence bares his teeth.
Terence hits you with a +0 short sword.
* * * LOW HITPOINT WARNING * * *
It was a potion of haste.
You feel yourself speed up. Terence closely misses you.
It was a potion of might.
You feel very mighty all of a sudden. Terence hits you with a +0 short sword.
* * * LOW HITPOINT WARNING * * *
Fire: a) +0 shortbow
Press: ? - help, Shift-Dir - straight line, f/p - Terence
Aim: Terence, wielding a +0 short sword, wearing a +0 scale mail and carrying a wand of flame (severely wounded, 65% to hit)
You shoot an arrow.
The arrow hits Terence but does no damage.
Terence is severely wounded.
Terence hits you with a +0 short sword.
* * * LOW HITPOINT WARNING * * *
It was a potion of cancellation.
Your magical effects are unravelling.
You feel magically purged.
You feel yourself slow down.
You feel a little less mighty now.
It was a potion of resistance.
You feel protected. Terence misses you.
Fire: a) +0 shortbow
Press: ? - help, Shift-Dir - straight line, f/p - Terence
Aim: Terence, wielding a +0 short sword, wearing a +0 scale mail and carrying a wand of flame (severely wounded, 65% to hit)
You shoot an arrow. The arrow hits Terence.
Terence is almost dead.
Terence zaps a wand.
The puff of flame hits you. You resist.
You die...
Terence says, "Rest in peace."

..#.##....# #...# #.#..!. #.#
#.#.# ##### #. #$.[##.# #.#.#
#.... #.##.?..#.# #.#.#####.##.
#.B. #.#.##.#.#.#.....##.
#######)####..†...#.........##.
#....##........############....
##.#.####.####@##.........#....
#.........# #@##.#######.#....
####.######....##.# #.##... #.#
#.#####.# #...... #.# #
#...############# #.#
#.#.##.......#### ####.##
#####.#.###>####..... #.....#
#...#.#......# #..... #####.#
###.#.#.#......# ##.... #.#
#...#.#.#......# #....


You could see Terence.

Vanquished Creatures
  2 adders (D:2)
  3 endoplasms (D:1)
  A giant cockroach (D:2)
  5 hobgoblins
  3 jackals (D:1)
  3 quokkas
  5 ball pythons
  A bat (D:1)
  3 kobolds
  3 rats (D:1)
29 creatures vanquished.

Vanquished Creatures (others)
  A hobgoblin (D:2)
1 creature vanquished.

Grand Total: 30 creatures vanquished

Notes
Turn   | Place    | Note
-------+----------+-------------------------------------------
     0 | D:1      | Persephone the Barachi Hunter began the quest for the Orb.
     0 | D:1      | Reached XP level 1. HP: 17/17 MP: 1/1
    58 | D:1      | Found a faded altar of an unknown god.
    65 | D:1      | Reached XP level 2. HP: 23/23 MP: 2/2
   693 | D:2      | Reached skill level 5 in Ranged Weapons
   693 | D:2      | Reached XP level 3. HP: 28/28 MP: 3/3
   694 | D:2      | Found a basalt altar of Yredelemnul.
   998 | D:2      | Noticed Terence
  1022 | D:2      | HP: 1/28 [Terence/+0 short sword (4)]
  1025 | D:2      | Killed from afar by Terence

Illustrated notes

Levels and vault maps discovered:
D:1:      onia_arrival_handbag, layout_basic, ebering_ecumenical_altar_box
D:2:      layout_basic, basic_altar, minmay_hexomino_p4, uniq_terence

Skill      XL: |  1  2 |
---------------+-------+-----
Ranged Weapons | 5 |  5.3
Fighting       | |  2.4
Dodging        | |  2.1
Stealth        | |  0.8

Action                     || total
---------------------------++-------
   Fire: Shortbow          ||   105
Ability: Hop               ||     2
    Use: Potion            ||     5
 Armour: Leather armour    ||    31
  Dodge: Dodged            ||    46
